 Dungeon Crawl Stone Soup version 0.24-a0-246-gb963c9a (webtiles) character file.

Game seed: 11447883250723401717

28 suvakkihuora the Insei (level 2, -7/21 HPs)
             Began as a Demonspawn Transmuter on Apr 12, 2019.
             Mangled by an orc
             ... wielding a +0 flail
              (8 damage)
             ... on level 3 of the Dungeon.
             The game lasted 00:01:53 (825 turns).

suvakkihuora the Insei (Demonspawn Transmuter)       Turns: 825, Time: 00:01:54

Health: -7/21      AC:  4    Str: 10    XL:     2   Next: 96%
Magic:  5/5        EV: 12    Int: 14    God:
Gold:   11         SH:  0    Dex: 13    Spells: 2/5 levels left

rFire    . . .     SeeInvis .     - Unarmed
rCold    . . .     Gourm    .   (no shield)
rNeg     . . .     Faith    .   b - +0 robe
rPois    .         Spirit   .   (no helmet)
rElec    .         Reflect  .   c - +1 cloak
rCorr    .         Harm     .   (no gloves)
MR       .....                  (no boots)
Stlth    +.........             g - amulet of magic regeneration
HPRegen  0.07/turn              (no ring)
MPRegen  0.34/turn              (no ring)

@: no status effects
A: talons 1
a: no special abilities


You were on level 3 of the Dungeon.
You were not hungry.

You visited 1 branch of the dungeon, and saw 3 of its levels.

You collected 11 gold pieces.

Inventory:

Missiles
 a - 57 arrows
Armour
 b - a +0 robe (worn)
 c - a +1 cloak (worn)
Jewellery
 g - an amulet of magic regeneration (around neck)
Scrolls
 e - a scroll of teleportation {unknown}
Potions
 f - a potion of curing {unknown}
Comestibles
 d - 2 rations


   Skills:
 + Level 1.5 Fighting
 - Level 1.7 Dodging
 * Level 3.1 Unarmed Combat
 - Level 2.0 Spellcasting
 * Level 2.4 Transmutations


You had 2 spell levels left.
You knew the following spells:

 Your Spells              Type           Power        Failure   Level  Hunger
a - Beastly Appendage     Tmut           #.....       9%          1    ##.....
b - Sticks to Snakes      Tmut           #.......     13%         2    ###....

Your spell library contained the following spells:

 Spells                   Type           Power        Failure   Level  Hunger
 Spider Form              Tmut/Pois      #.........   41%         3    ####...
 Ice Form                 Ice/Tmut       #.......     82%         4    #####..
 Blade Hands              Tmut           #.........   94%         5    ######.


Dungeon Overview and Level Annotations

Branches:
Dungeon (3/15)

Altars:


Innate Abilities, Weirdness & Mutations

You have sharp toenails.


Message History

The orc hits you with a +0 whip.
You barely miss the orc. Your kick misses the orc.
The orc is heavily wounded.
The orc closely misses you.
You barely miss the orc.
The orc is heavily wounded.
The orc barely misses you.
You hit the orc.
You kill the orc!
You hit the orc.
The orc is heavily wounded.
The orc hits you with a +0 flail.
You hit the orc but do no damage.
The orc is heavily wounded.
The orc hits you with a +0 flail.
* * * LOW HITPOINT WARNING * * *
You hit the orc.
The orc is severely wounded.
The orc hits you with a +0 flail!
You die...

..#.#.#.#.#....
.....#......#
..#...#......####
................
#####......######
...........# .......#.###
#.######o# #@#
#########.# #.........###
#.#######...#
####.#######...###
#........#...)...########
#.##.###................#
# #.............######.#
#######....>### #.#


You could see an orc.

Vanquished Creatures
  An adder (D:2)
  An ooze (D:1)
  An orc (D:3)
  3 giant cockroaches
  A hobgoblin (D:2)
  3 bats (D:2)
  A kobold (D:2)
  4 rats
15 creatures vanquished.

Notes
Turn   | Place    | Note
-------+----------+-------------------------------------------
     0 | D:1      | suvakkihuora the Demonspawn Transmuter began the quest for
                  | the Orb.
     0 | D:1      | Reached XP level 1. HP: 15/15 MP: 3/3
     1 | D:1      | Noticed an electric eel
   102 | D:1      | Gained mutation: You have sharp toenails. [demonic
                  | ancestry]
   102 | D:1      | Reached XP level 2. HP: 14/21 MP: 5/5
   152 | D:1      | You fall through a shaft!
   289 | D:2      | Learned a level 2 spell: Sticks to Snakes
   303 | D:2      | Reached skill level 3 in Unarmed Combat
   824 | D:3      | HP: 1/21 [orc/+0 flail (6)]
   825 | D:3      | Mangled by an orc

Levels and vault maps discovered:
D:1:      arrival_aquarium_a, layout_rooms, serial_rivers,
          chequers_serial_rivers_micro_b, chequers_serial_rivers_small_a,
          chequers_serial_rivers_micro_a, chequers_serial_rivers_large_a,
          chequers_serial_rivers_marsh
D:2:      layout_loops_cross, uniq_terence
D:3:      layout_loops_corners, first_ration, hangedman_decor_lopped

Skill      XL: |  1  2 |
---------------+-------+-----
Transmutations | 2 |  2.4
Unarmed Combat | 3 |  3.1
Fighting       | |  1.5
Dodging        | |  1.7
Spellcasting   | |  2.0

Action                   || total
-------------------------++-------
Melee: Unarmed           ||    53
       Kick              ||     4
 Cast: Sticks to Snakes  ||     1
 Stab: Sleeping          ||     1
Armor: Robe              ||    14
Dodge: Dodged            ||    32

Table legend:
 A = Non-vault XP
 B = Vault XP
 C = Vault XP percentage of total XP
 D = Non-vault monster count
 E = Vault monster count
 F = Vault count percentage of total count
                 A         B        C        D         E       F
            +---------+---------+-------+---------+---------+-------
      Total |      40 |       0 |   0.0 |      15 |       0 |   0.0
            +---------+---------+-------+---------+---------+-------
        D:1 |      14 |       0 |   0.0 |       6 |       0 |   0.0
        D:2 |      22 |       0 |   0.0 |       7 |       0 |   0.0
        D:3 |       4 |       0 |   0.0 |       2 |       0 |   0.0
            +---------+---------+-------+---------+---------+-------
